 Dungeon Crawl Stone Soup version 0.31-a0-325-g067879e3d3 (webtiles) character file.

Game seed: 5283767894763894067

172 Dittersdorf the Trooper (level 5, -3/34 HPs)
             Began as a Gargoyle Fighter on July 18, 2023.
             Killed from afar by an orc wizard (10 damage)
             ... with a puff of flame
             ... on level 2 of the Dungeon.
             The game lasted 00:01:39 (1252 turns).

Dittersdorf the Trooper (Gargoyle Fighter)          Turns: 1252, Time: 00:01:39

Health: -3/34      AC: 11    Str: 22    XL:     5   Next: 52%
Magic:  5/5        EV:  9    Int:  8    God:
Gold:   91         SH:  0    Dex:  9    Spells: 4/4 levels left

rFire   . . .        a - +0 flail
rCold   . . .        c - +0 buckler
rNeg    + . .        b - +0 scale mail
rPois   ∞            (no helmet)
rElec   +            (no cloak)
rCorr   .            (no gloves)
SInv    .            (no boots)
Will    .....        (no amulet) Stlth
                     (no ring)
HPRegen 0.25/turn    (no ring)
MPRegen 0.09/turn

%: no passive effects
@: confused
A: sickness immunity, AC +4, negative energy resistance 1, electricity
resistance, torment resistance 1, petrification resistance
a: no special abilities


You were on level 2 of the Dungeon.
You visited 1 branch of the dungeon, and saw 4 of its levels.

You collected 91 gold pieces.

Inventory:

Hand Weapons
 a - a +0 flail (weapon)
Armour
 b - a +0 scale mail (worn)
 c - a +0 buckler (worn)
Scrolls
 f - a scroll of amnesia {unknown}
 g - a scroll of teleportation {unknown}
 i - a scroll of fog {unknown}
 j - 2 scrolls of identify {unknown}
 k - a scroll of vulnerability {unknown}
 l - a scroll of silence {unknown}
 m - 4 scrolls of enchant weapon {unknown}
 n - a scroll of fear {unknown}
 o - a scroll of blinking {unknown}
 q - a scroll of enchant armour {unknown}
 r - a scroll of noise {unknown}
Potions
 e - a potion of curing {unknown}
 h - a potion of heal wounds {unknown}
 p - 2 potions of degeneration {unknown}


   Skills:
 + Level 4.3 Fighting
 + Level 3.2 Maces & Flails
 + Level 4.3 Armour
 + Level 4.3 Shields


You had 4 spell levels left.
You didn't know any spells.
Your spell library was empty.

Dungeon Overview and Level Annotations

Branches:
Dungeon (4/15)
 Temple: D:4-7

Altars:
Cheibriados


Innate Abilities, Weirdness & Mutations

You are immune to sickness and miasma.
Your stone body is resilient. (AC +4)
You are immune to poison.
You resist negative energy. (rN+)
You are resistant to electric shocks. (rElec)
You are resistant to unholy torment.
You are immune to petrification.


Message History

The orc barely misses you.
The orc wizard hits you with a +4 dagger of speed.
You thump the orc!
You kill the orc!
The orc wizard hits you with a +4 dagger of speed.
The orc wizard hits you but does no damage.
You closely miss the orc wizard.
The orc wizard is lightly wounded.
The orc wizard hits you with a +4 dagger of speed.
You closely miss the orc wizard.
The orc wizard is lightly wounded.
The orc wizard barely misses you.
The orc wizard hits you with a +4 dagger of speed.
* * * LOW HITPOINT WARNING * * *
You closely miss the orc wizard.
The orc wizard is lightly wounded.
You block the orc wizard's attack. x2
You sock the orc wizard!
The orc wizard is severely wounded.
The orc wizard hits you with a +4 dagger of speed.
* * * LOW HITPOINT WARNING * * *
The orc wizard hits you but does no damage.
You hit the orc wizard but do no damage.
The orc wizard is severely wounded.
The orc wizard points at you and mumbles some strange words.
You are confused.
You bump into the rock wall.
The orc wizard hits you but does no damage. x2
You're too confused to move!
The orc wizard hits you but does no damage.
You closely miss the orc wizard.
The orc wizard is severely wounded.
The orc wizard misses you.
The orc wizard hits you with a +4 dagger of speed.
* * * LOW HITPOINT WARNING * * *
You miss the orc wizard.
The orc wizard is severely wounded.
The orc wizard gestures at you while chanting.
The puff of flame hits you!
You die...

##############
#............#
#####.#......##### ##### #
#.#......#...### ###...# .
#.#......#o<...###...>)# ..
#.#...##.#@)...........#...
#.#...##.###....⌠....###...
#.#...###..###.....###.....
#............##...##.......
#########'#................
#.......................
#..........)÷#..........
#............#..........
###....#.....'.#........


You could see an orc wizard.

Vanquished Creatures
  Pargi (D:1)
  3 adders (D:2)
  2 worms (D:2)
  3 dart slugs
  3 orcs
  5 bats
  2 endoplasms
  5 goblins
  5 hobgoblins
  2 quokkas
  A ball python (D:1)
  3 kobolds
  6 rats
41 creatures vanquished.

Notes
Turn   | Place    | Note
-------+----------+-------------------------------------------
     0 | D:1      | Dittersdorf the Gargoyle Fighter began the quest for the
                  | Orb.
     0 | D:1      | Reached XP level 1. HP: 14/14 MP: 1/1
    91 | D:1      | Reached XP level 2. HP: 19/19 MP: 2/2
   163 | D:1      | Found a faded altar of an unknown god.
   394 | D:1      | Reached XP level 3. HP: 21/23 MP: 3/3
   677 | D:2      | Found a snail-covered altar of Cheibriados.
   793 | D:2      | Reached XP level 4. HP: 26/29 MP: 4/4
   956 | D:2      | You fall into a shaft and drop 2 floors!
  1007 | D:3      | Noticed Pargi
  1164 | D:1      | Killed Pargi
  1165 | D:1      | Reached XP level 5. HP: 17/34 MP: 5/5
  1252 | D:2      | Killed from afar by an orc wizard

Illustrated notes

Levels and vault maps discovered:
D:1:      lemuel_arrival_rhombus, layout_basic, basic_ecumenical_altar
D:2:      layout_basic, basic_altar, grunt_ministairs_12,
          kennysheep_minor_cross, corexii_leaking_fountain
D:3:      layout_rooms, uniq_grinder, uniq_robin, uniq_pargi
D:4:      layout_layer_cave, serial_shops, nicolae_take_the_stairs,
          minmay_misc_feat_columns, kennysheep_small_square

Skill      XL: |  1  2  3  4 |
---------------+-------------+-----
Shields        | 4 |  4.3
Armour         | 4 |  4.3
Fighting       | 4 |  4.3
Maces & Flails | 3 |  3.2

Action                     |  1- 3 |  4- 6 || total
---------------------------+-------+-------++-------
  Melee: Flail             |   105 |    59 ||   164
    Use: Potion            |       |     1 ||     1
 Armour: Scale mail        |    58 |    73 ||   131
  Dodge: Dodged            |    41 |    62 ||   103
  Block: Buckler           |    20 |    35 ||    55

Table legend: (Time is in decaauts)
 A = Elapsed time spent in this place.
 B = Non-inter-level travel time spent in this place.
 C = Inter-level travel time spent in this place.
 D = Time resting spent in this place.
 E = Time spent auto-exploring this place.
 F = Levels seen in this place.
 G = Mean time per level.
                   A        B        C        D        E       F      G
               +--------+--------+--------+--------+--------+-----+--------+
         Total |   1305 |   1282 |     23 |    157 |    727 |   4 |  326.2 |
       Dungeon |   1305 |   1282 |     23 |    157 |    727 |   4 |  326.2 |
               +--------+--------+--------+--------+--------+-----+--------+

Top non-repeatable levels by time:
     D:1: 729 daAuts
     D:2: 497 daAuts
     D:4: 41 daAuts
     D:3: 36 daAuts
